AoeStats
← chenya_ko

Arabia

507870862Analyzed
1v1 RM · 14d ago on Sep 20, 2026· 44m 53s· 2 players
Game mode
Random Map
Map size
Tiny (2 player)
Population
200
Speed
Normal
Resources
Standard
Victory
Conquest
Starting age
Dark Age
Ending age
Imperial Age
RankedLock teamsTeams togetherTeam positionsShared explorationLock speedFull tech treeHidden civsTurbo modeCheats
Victory
Defeat
🇲🇽 Lithuanians · Mexico
1086
+15
🇹🇼 Japanese · Taiwan
1057
-15
chenya_ko
2:01 Loom
10:19 Feudal Age
10:22 Man-at-Arms
14:09 Fletching
16:02 Padded Archer Armor
17:46 Wheelbarrow
19:07 Scale Mail Armor
19:10 Arson
24:28 Castle Age
23:31 Forging
23:34 Double-Bit Axe
24:06 Horse Collar
24:32 Long Swordsman
24:58 Gambesons
25:14 Squires
25:53 Iron Casting
25:15 Pikeman
26:36 Chain Mail Armor
27:06 Gold Mining
28:52 Bow Saw
30:42 Gold Shaft Mining
32:30 Pikeman
32:41 Elite Skirmisher
33:21 Stone Mining
33:35 Heavy Plow
36:02 Hand Cart
35:32 Town Watch
42:11 Imperial Age
41:47 Murder Holes
42:13 Two-Handed Swordsman
43:57 Blast Furnace
43:28 Plate Mail Armor
45:19 Two-Man Saw
44:09 Champion
g3minis26
2:07 Loom
9:47 Feudal Age
17:55 Double-Bit Axe
17:54 Horse Collar
22:35 Castle Age
21:07 Fletching
21:37 Padded Archer Armor
25:21 Town Watch
27:07 Bloodlines
28:27 Husbandry
29:09 Scale Barding Armor
29:56 Forging
31:28 Chain Barding Armor
33:56 Iron Casting
39:55 Imperial Age
38:13 Town Patrol
38:34 Gold Mining
41:02 Conscription
42:13 Chemistry
41:08 Cavalier
43:52 Plate Barding Armor
Connection lost

Rejoining the realm…

Still unreachable

The connection could not be restored.

Session expired

The server has moved on; the page needs a fresh start.